 Dungeon Crawl Stone Soup version 0.20.1-1-g8b1a95d (webtiles) character file.

415 Irenicus the Cudgeler (level 6, -2/56 HPs)
             Began as a Deep Dwarf Gladiator on Nov 5, 2017.
             Slain by an iguana (7 damage)
             ... on level 4 of the Dungeon.
             The game lasted 00:03:29 (345 turns).

Irenicus the Cudgeler (Deep Dwarf Gladiator)         Turns: 345, Time: 00:03:30

Health: -2/56      AC:  4    Str: 16 (17) XL:     6   Next: 60%
Magic:  5/5        EV: 13    Int:  7 (9)  God:
Gold:   0          SH:  0    Dex: 14 (16) Spells: 5/5 levels left

rFire    . . .     SeeInvis .   e - +0 whip (elec)
rCold    . . .     Gourm    .   (no shield)
rNeg     . . .     Faith    .   b - +0 leather armour
rPois    .         Spirit   .   c - +0 helmet
rElec    .         Reflect  .   (no cloak)
rCorr    .         Harm     .   (no gloves)
MR       .....                  (no boots)
Stlth    +.........             (no amulet)
Regen    0.0/turn               (no ring)
MPRegen  0.1/turn               (no ring)

@: flying, non-regenerating
A: damage resistance, heal wounds, sense surroundings 1, no regeneration
a: Heal Wounds


You were on level 4 of the Dungeon.
You were not hungry.

You visited 1 branch of the dungeon, and saw 4 of its levels.

Inventory:

Hand Weapons
 a - a +0 war axe
 e - a +0 whip of electrocution (weapon)
Missiles
 d - 2 throwing nets (quivered)
Armour
 b - a +0 leather armour (worn)
 c - a +0 helmet (worn)
Scrolls
 h - a scroll of identify {unknown}
Potions
 j - a potion of degeneration
Comestibles
 f - a bread ration


   Skills:
 - Level 3.0 Fighting
 - Level 4.0(5.7) Axes
 + Level 5.8(6.3) Maces & Flails
 - Level 1.7 Throwing
 - Level 3.2 Dodging


You had 5 spell levels left.
You didn't know any spells.

Dungeon Overview and Level Annotations

Branches:
Dungeon (4/15)
 Temple: D:4-7

Altars:


Innate Abilities, Weirdness & Mutations

You are resistant to damage.
You can heal yourself by infusing magical energy.
You passively map a small area around you.
You do not regenerate.


Message History

Your magical essence is drained by the effort!
You feel much better.
The orc wizard points at you and mumbles some strange words.
The magic dart hits you!
The orc priest invokes the aid of Beogh against you.
Beogh smites you! The iguana bites you.
The orc wizard gestures at you while chanting.
The magic dart hits you!
* * * LOW HITPOINT WARNING * * *
The phantom blinks!
The iguana barely misses you.
You barely miss the iguana. The orc wizard casts a spell at you.
The magic dart hits you!
* * * LOW HITPOINT WARNING * * *
The iguana barely misses you.
The phantom blinks!
The iguana closely misses you.
As you read the scroll labeled ECRECE VAPUDI, it crumbles to dust.
The scroll dissolves into smoke.
It was a scroll of fog.
The iguana bites you!
You die...

, * #.#...).. ##########
#.#...... ,##≈≈≈≈≈≈≈≈##
#.#......
,##≈≈≈≈≈≈≈≈≈≈##
#.#......
#≈≈≈≈≈≈≈≈≈≈≈≈###........
≈≈≈≈≈≈≈≈≈≈≈≈≈≈###.......
≈≈≈≈≈§≈≈≈≈≈≈≈≈≈##.......
≈≈≈≈≈≈§§§≈≈≈≈≈≈≈#.###.##
≈≈≈≈≈≈§@§≈≈≈≈≈≈≈#.....##
≈≈≈≈≈.§ll≈≈≈≈≈≈≈##.....#
≈≈≈≈≈o≈≈o≈≈≈≈≈≈≈##.....#
≈≈≈≈§.≈≈o§≈≈≈≈≈≈###....#
≈≈≈≈≈...o≈≈≈≈≈≈≈#......#
≈≈≈≈≈≈..≈≈≈≈≈≈≈≈#.#....#
≈≈≈≈≈≈..≈≈≈≈≈≈≈≈#.+.....
≈≈≈≈≈≈..≈≈≈≈≈≈≈##.#..>..
≈≈≈≈≈..≈≈≈≈≈≈##..#.....


You could see 2 iguanas, an orc priest, 2 orc wizards and an orc.

Vanquished Creatures
  Edmund (D:4)
  Duvessa (D:4)
  Dowan (D:4)
  A hound (D:4)
  2 orc wizards (D:4)
  A worker ant (D:4)
  A gnoll (D:1)
  An ooze (D:4)
  An adder skeleton (D:4)
  An adder zombie (D:3)
  An orc (D:4)
  A goblin (D:3)
  2 jackals (D:4)
  2 bats (D:2)
  A jackal skeleton (D:4)
  2 kobolds (D:2)
20 creatures vanquished.

Notes
Turn   | Place    | Note
-------+----------+-------------------------------------------
     0 | D:1      | Irenicus the Deep Dwarf Gladiator began the quest for the Orb.
     0 | D:1      | Reached XP level 1. HP: 19/19 MP: 1/1
    21 | D:1      | Reached XP level 2. HP: 26/26 MP: 2/2
   170 | D:4      | Reached XP level 3. HP: 25/33 MP: 3/3
   243 | D:4      | Noticed Edmund
   259 | D:4      | Killed Edmund
   259 | D:4      | Reached skill level 3 in Maces & Flails
   259 | D:4      | Reached XP level 4. HP: 24/42 MP: 4/4
   259 | D:4      | Reached XP level 5. HP: 28/49 MP: 5/5
   267 | D:4      | Noticed Dowan
   268 | D:4      | Noticed Duvessa
   274 | D:4      | Killed Duvessa
   274 | D:4      | Reached skill level 4 in Maces & Flails
   276 | D:4      | Reached XP level 6. HP: 29/56 MP: 6/6
   283 | D:4      | Reached skill level 5 in Maces & Flails
   285 | D:4      | Killed Dowan
   345 | D:4      | Slain by an iguana

Skill      XL: |  1  2  3  4  5  6 |
---------------+-------------------+-----
Axes           | 4 |  4.0
Fighting       | 2 3 |  3.0
Maces & Flails | 3 4 5 |  5.8
Throwing       | |  1.7
Dodging        | |  3.2

Action                   |  1- 3 |  4- 6 || total
-------------------------+-------+-------++-------
Melee: War axe           |     5 |       ||     5
       Whip              |    51 |    29 ||    80
Throw: Throwing net      |     2 |       ||     2
 Abil: Heal Wounds       |       |     2 ||     2
  Use: Potion            |     1 |     2 ||     3
       Scroll            |       |     1 ||     1
Armor: Leather armour    |    15 |     6 ||    21
Dodge: Dodged            |    35 |    18 ||    53
